 Dungeon Crawl Stone Soup version 0.24.0-29-g8ce449bc06 (webtiles) character file.

Game seed: 3095491140832466405, levelgen mode: deterministic

74 Descartes the Scratcher (level 4, 0/19 HPs)
             Began as a Felid Transmuter on Nov 16, 2019.
             Slain by a worm (4 damage)
             ... on level 3 of the Dungeon.
             The game lasted 00:05:59 (2897 turns).

Descartes the Scratcher (Felid Transmuter)          Turns: 2897, Time: 00:06:00

Health: 0/19       AC:  1    Str:  7    XL:     4   Next: 9%
Magic:  8/8        EV: 19    Int: 14    God:
Gold:   96         SH:  0    Dex: 16    Spells: 6/7 levels left
                                        Lives:  0   Deaths: 1

rFire    . . .     SeeInvis +     - Unarmed
rCold    . . .     Gourm    .   (shield unavailable)
rNeg     . . .     Faith    .   (armour unavailable)
rPois    .         Spirit   .   (helmet unavailable)
rElec    .         Reflect  .   (cloak unavailable)
rCorr    .         Harm     .   (gloves unavailable)
MR       .....                  (boots unavailable)
Stlth    ++++......             q - amulet of rage
HPRegen  0.06/turn              l - ring of stealth
MPRegen  0.11/turn              (no ring)

@: quick
A: very small, no armour, no weapons or thrown items, stealth, claws 1, fangs 3,
see invisible, carnivore, speed 1, shaggy fur 1, slow metabolism 1, sharp paws
a: Evoke Berserk Rage


You were on level 3 of the Dungeon.
You were completely stuffed.

You visited 1 branch of the dungeon, and saw 3 of its levels.

You collected 96 gold pieces.

Inventory:

Missiles
 a - 42 arrows
 h - 173 stones
Jewellery
 l - a ring of stealth (left paw)
 q - an amulet of rage (around neck)
Scrolls
 e - a scroll of magic mapping {unknown}
 f - a scroll of remove curse {unknown}
 g - a scroll of identify {unknown}
 i - a scroll of teleportation {unknown}
 k - a scroll of fear {unknown}
 m - a scroll of noise {unknown}
 p - a scroll of enchant armour {unknown}
Potions
 b - a potion of agility {unknown}
 d - a potion of berserk rage
 j - a potion of invisibility {unknown}
 n - a potion of mutation {unknown}
Comestibles
 c - 6 rations
 o - 3 chunks of flesh


   Skills:
 - Level 1.0 Fighting
 + Level 4.0 Dodging
 + Level 3.1 Stealth
 * Level 4.4 Unarmed Combat
 - Level 2.0 Spellcasting
 - Level 2.1 Transmutations


You had 6 spell levels left.
You knew the following spells:

 Your Spells              Type           Power        Failure   Level  Hunger
a - Beastly Appendage     Tmut           #.....       10%         1    ##.....

Your spell library contained the following spells:

 Spells                   Type           Power        Failure   Level  Hunger
 Sticks to Snakes         Tmut           #.......     14%         2    ###....
 Spider Form              Tmut/Pois      #.........   41%         3    ####...
 Ice Form                 Ice/Tmut       #.......     83%         4    #####..
 Blade Hands              Tmut           #.........   95%         5    ######.


Dungeon Overview and Level Annotations

Branches:
Dungeon (3/15)

Altars:
Fedhas


Innate Abilities, Weirdness & Mutations

You cannot wear armour.
You are incapable of wielding weapons or throwing items.
Your paws allow you to move quietly. (Stealth)
You have sharp claws.
You have razor-sharp teeth.
You have supernaturally acute eyesight. (SInv)
You are carnivorous and can eat meat at any time.
You cover ground quickly.
You are covered in fur. (AC +1)
You have a slow metabolism.
Your sharp claws are effective at attacking unaware monsters.


Message History

You claw the worm!
The worm is heavily wounded.
You scratch the worm but do no damage.
The worm is heavily wounded.
The worm barely misses you.
You barely miss the worm.
The worm is heavily wounded.
You scratch the worm.
The worm is heavily wounded.
The worm bites you!
You scratch the worm.
The worm is severely wounded.
You barely miss the worm.
The worm is severely wounded.
The worm bites you.
* * * LOW HITPOINT WARNING * * *
You barely miss the worm.
The worm is severely wounded.
The worm bites you.
You die...

#.#...# #.#.### #.#.# ####'#.# ##
#......# ... #......###
#.#.#####........######
.$......#......#w##...#####
#.#............#@##.#.#.#.##
.........#####.#[##..>.....#
#.#......##......[..#.#.#.#######
.........##.#.....##............#
#.#........÷...#..###.#.#.#####.#
.........#.#.#.÷#.##....).....#.#
K..g..............###.#.#.###.#.#
.........#.#.#............###.#.#
####.......#..###..#..#.....#


You could see a worm.

Vanquished Creatures
  6 adders
  A worm (D:2)
  2 dart slugs
  A leopard gecko (D:2)
  A ball python (D:1)
  5 giant cockroaches
  7 goblins
  8 hobgoblins
  A quokka (D:2)
  9 bats
  5 frilled lizards
  7 kobolds
  10 rats
63 creatures vanquished.

Notes
Turn   | Place    | Note
-------+----------+-------------------------------------------
     0 | D:1      | Descartes the Felid Transmuter began the quest for the Orb.
     0 | D:1      | Reached XP level 1. HP: 9/9 MP: 4/4
   175 | D:1      | Reached skill level 1 in Stealth
   225 | D:1      | Reached XP level 2. HP: 12/12 MP: 6/6
   925 | D:2      | Reached XP level 3. HP: 15/15 MP: 7/7
  2095 | D:2      | Reached XP level 4. HP: 18/19 MP: 8/8
  2177 | D:2      | Found a blossoming altar of Fedhas.
  2533 | D:2      | Slain by an adder
  2534 | D:2      | Reached XP level 3. HP: 0/22 MP: 7/7
  2882 | D:3      | Reached XP level 4. HP: 15/19 MP: 8/8
  2897 | D:3      | Slain by a worm

Levels and vault maps discovered:
D:1:      roderic_octagonal_star, layout_basic
D:2:      layout_rooms, overflow_temple_1_default
D:3:      layout_basic, serial_glass, glass_columns_c, glass_columns_c,
          glass_columns_b, glass_columns_c, glass_columns_b, glass_columns_c,
          glass_columns_a, glass_columns_a, first_ration, st_stairs_8

Skill      XL: |  1  2  3 |
---------------+----------+-----
Dodging        | 3 4 |  4.0
Stealth        | 1 3 |  3.1
Unarmed Combat | 4 |  4.4
Fighting       | |  1.0
Spellcasting   | |  2.0
Transmutations | |  2.1

Action                   |  1- 3 |  4- 6 || total
-------------------------+-------+-------++-------
Melee: Unarmed           |   163 |    28 ||   191
       Bite              |     9 |     4 ||    13
       Punch             |     2 |       ||     2
  Use: Potion            |       |     1 ||     1
 Stab: Sleeping          |    15 |       ||    15
       Distracted        |     1 |       ||     1
  Eat: Chunk             |    16 |       ||    16
Armor: Skin              |    10 |       ||    10
Dodge: Dodged            |   114 |    30 ||   144
